AoeStats
← SeductiveSloth

Arabia

506590926Analyzed
1v1 RM · 19d ago on Sep 14, 2026· 38m 2s· 2 players
Game mode
Random Map
Map size
Tiny (2 player)
Population
200
Speed
Normal
Resources
Standard
Victory
Conquest
Starting age
Dark Age
Ending age
Imperial Age
RankedLock teamsTeams togetherTeam positionsShared explorationLock speedFull tech treeHidden civsTurbo modeCheats
Victory
Defeat
🇨🇳 Burgundians · China
1231
+16
🇦🇺 Malay · Australia
1231
-16
SeductiveSloth
7:05 Loom
9:27 Feudal Age
10:59 Scale Barding Armor
11:05 Forging
17:22 Wheelbarrow
20:23 Castle Age
19:04 Double-Bit Axe
19:04 Horse Collar
20:15 Stone Mining
20:41 Bow Saw
22:38 Iron Casting
打我啊笨
6:25 Loom
9:08 Feudal Age
12:17 Double-Bit Axe
16:02 Horse Collar
17:36 Gold Mining
21:44 Castle Age
20:22 Scale Barding Armor
21:07 Forging
21:34 Bow Saw
22:30 Wheelbarrow
22:39 Husbandry
23:44 Two-Man Saw
24:53 Gold Shaft Mining
26:13 Chain Barding Armor
29:58 Heavy Plow
32:46 Iron Casting
32:20 Cavalier
Connection lost

Rejoining the realm…

Still unreachable

The connection could not be restored.

Session expired

The server has moved on; the page needs a fresh start.